 Dungeon Crawl Stone Soup version 0.27-a0-1347-gd8886f0a89 (webtiles) character file.

Game seed: 797636214069701129

27 Brandom the Sneak (level 3, -4/29 HPs)
             Began as a Human Delver on June 27, 2021.
             Was a Believer of Ru.
             Succumbed to Sigmund's poison
             ... on level 2 of the Dungeon.
             The game lasted 00:04:31 (1306 turns).

Brandom the Sneak (Human Delver)                    Turns: 1306, Time: 00:04:31

Health: -4/29      AC:  7    Str: 13    XL:     3   Next: 25%
Magic:  3/3        EV: 10    Int: 10    God:    Ru [**....]
Gold:   66         SH:  0    Dex: 20    Spells: 2/2 levels left

rFire    . . .     SeeInvis .   a - +0 mace
rCold    . . .     Faith    .   (no shield)
rNeg     . . .     Spirit   .   j - +0 scale mail
rPois    .         Reflect  .   (no helmet)
rElec    .         Harm     .   (no cloak)
rCorr    .         Rampage  .   (no gloves)
Will     .....                  g - +0 pair of boots
Stlth    ++........             (no amulet)
HPRegen  0.09/turn              h - +6 ring of dexterity
MPRegen  0.08/turn              (no ring)

@: lethally poisoned (-4 -> -35), hasted, very quick
A: inability to use devices
a: Renounce Religion


You were on level 2 of the Dungeon.
You worshipped Ru.
Ru was pleased with you.
You visited 1 branch of the dungeon, and saw 5 of its levels.

You collected 66 gold pieces.

Inventory:

Hand Weapons
 a - a +0 mace (weapon)
Armour
 b - a +0 leather armour
 g - a +0 pair of boots (worn)
   (You found it on level 5 of the Dungeon)
 j - a +0 scale mail (worn)
   (You found it on level 1 of the Dungeon)
 l - a +0 cloak
   (You found it on level 1 of the Dungeon)
Jewellery
 h - a +6 ring of dexterity (left hand)
   (You found it on level 2 of the Dungeon)
Wands
 v - a wand of digging (3)
Scrolls
 c - a scroll of fog
 d - 3 scrolls of magic mapping
 e - a scroll of fear
 i - a scroll of identify {unknown}


   Skills:
 * Level 3.3 Fighting
 * Level 2.6 Maces & Flails
 + Level 0.9 Armour
 + Level 2.2 Dodging
 - Level 5.0 Stealth


You had 2 spell levels left.
You didn't know any spells.
Your spell library contained the following spells:

 Spells                   Type           Power      Damage    Failure   Level
 Beastly Appendage        Tmut           0%         N/A       88%         1
 Wereblood                Tmut           0%         N/A       95%         2
 Spider Form              Tmut/Pois      0%         N/A       99%         3
 Ice Form                 Ice/Tmut       0%         N/A       100%        4


Dungeon Overview and Level Annotations

Branches:
Dungeon (5/15)
 Temple: D:4-7

Altars:
Ru

Annotations:
D:2 Sigmund


Innate Abilities, Weirdness & Mutations

You cannot study or use magical devices.


Message History

You are frozen.
You hit the endoplasm.
You kill the endoplasm!
No target in view!
No target in view!
No target in view!
No target in view!
No target in view!
No target in view!
Done exploring.
Done exploring.
Done exploring.
(D) Dungeon
Where to? (? - help)
There is a stone staircase leading down here.
You climb downwards.
Sigmund the Dreaded comes into view.
He is wielding a +3 scythe of venom.
Found a hand axe and 19 stones.
There is a stone staircase leading up here.
Sigmund casts a spell.
Sigmund flickers and vanishes!
Deactivating autopickup; reactivate with Ctrl-A.
No target in view!
No target in view!
Something hits you but does no damage.
You are poisoned.
You hit something but do no damage.
You feel very sick. Something hits you!
You are lethally poisoned!
It was a potion of heal wounds.
You feel much better.
You feel extremely sick. Something hits you!
* * * LOW HITPOINT WARNING * * *
You feel much better.
You feel very sick. Something hits you but does no damage.
You are lethally poisoned!
You feel yourself speed up.
You feel very sick. Something hits you.
* * * LOW HITPOINT WARNING * * *
You barely miss something.
* * * LOW HITPOINT WARNING * * *
You feel very sick. Something hits you!
* * * LOW HITPOINT WARNING * * *
You are more poisoned.
You hit something.
You die...

############
#..........#
#..........#
#....<.....#
#........@{#
#)^........#
........(....#
...
###..........#
..####
#..........#
.....
############
...# # ...#.#
...#.#


There were no monsters in sight!

Vanquished Creatures
  A dart slug (D:1)
  2 ball pythons (D:1)
  3 bats (D:1)
  2 endoplasms (D:1)
  A giant cockroach (D:1)
  3 goblins (D:1)
  3 hobgoblins (D:1)
  A quokka (D:1)
  6 rats (D:1)
22 creatures vanquished.

Notes
Turn   | Place    | Note
-------+----------+-------------------------------------------
     0 | D:5      | Brandom the Human Delver began the quest for the Orb.
     0 | D:5      | Reached XP level 1. HP: 18/18 MP: 1/1
    37 | D:5      | Noticed an orc wizard
   367 | D:1      | Reached XP level 2. HP: 24/24 MP: 2/2
  1011 | D:1      | Reached XP level 3. HP: 29/29 MP: 3/3
  1057 | D:1      | Found a faded altar of an unknown god.
  1065 | D:1      | Became a worshipper of Ru the Awakened
  1086 | D:1      | Gained mutation: You cannot study or use magical devices.
                  | [Ru sacrifice]
  1086 | D:1      | Reached * piety under Ru
  1086 | D:1      | Reached ** piety under Ru
  1296 | D:2      | Noticed Sigmund
  1306 | D:2      | Succumbed to Sigmund's poison

Illustrated notes

Levels and vault maps discovered:
D:1:      wander_arrival_abandoned_jail, layout_loops_corners,
          basic_ecumenical_altar, bh_walls_and_bars
D:2:      layout_rooms, uniq_natasha, uniq_sigmund
D:3:      layout_loops_corners, corexii_item_surrounded_by_moat,
          kennysheep_another_room, uniq_terence
D:4:      layout_basic, grunt_temple_overflow_growth_and_decay,
          gammafunk_ghost_gnarly_gnolls
D:5:      layout_loops_corners, lemuel_doored_altar, item_on_display_a

Action                   || total
-------------------------++-------
Melee: Mace              ||    47
Invok: Sacrifice Artific ||     1
  Use: Potion            ||     3
 Stab: Sleeping          ||    10
Armor: Leather armour    ||     8
       Scale mail        ||    10
Dodge: Dodged            ||    20

Table legend: (Time is in decaauts)
 A = Elapsed time spent in this place.
 B = Non-inter-level travel time spent in this place.
 C = Inter-level travel time spent in this place.
 D = Time resting spent in this place.
 E = Time spent auto-exploring this place.
 F = Levels seen in this place.
 G = Mean time per level.
                   A        B        C        D        E       F      G
               +--------+--------+--------+--------+--------+-----+--------+
         Total |   1317 |   1276 |     41 |      0 |   1051 |   5 |  263.4 |
       Dungeon |   1317 |   1276 |     41 |      0 |   1051 |   5 |  263.4 |
               +--------+--------+--------+--------+--------+-----+--------+

Top non-repeatable levels by time:
     D:1: 1201 daAuts
     D:5: 60 daAuts
     D:2: 24 daAuts
     D:3: 18 daAuts
     D:4: 12 daAuts
